 Dungeon Crawl Stone Soup version 0.30-a0-1114-gd936c97349 (webtiles) character file.

Game seed: 15982358930594288501

72 subawu the Chopper (level 4, -1/37 HPs)
             Began as a Minotaur Gladiator on Feb 3, 2023.
             Slain by a gnoll
             ... wielding a +0 whip
              (2 damage)
             ... on level 3 of the Dungeon on Apr 20, 2023.
             The game lasted 00:19:57 (2859 turns).

subawu the Chopper (Minotaur Gladiator)             Turns: 2859, Time: 00:19:57

Health: -1/37      AC: 10    Str: 21    XL:     4   Next: 7%
Magic:  3/3        EV:  7    Int:  5    God:
Gold:   145        SH:  0    Dex: 11    Spells: 3/3 levels left

rFire   + . .      SeeInvis .    a - +0 war axe
rCold   . . .      Faith    .    (no shield)
rNeg    . . .      Spirit   .    v - +0 plate armour
rPois   .          Reflect  .    c - +0 hat
rElec   .          Rampage  .    (no cloak)
rCorr   .                        (no gloves)
Will    .....                    (no boots) Stlth
                                 (no amulet)
HPRegen 0.26/turn                f - ring of protection from fire
MPRegen 0.08/turn                (no ring)

@: no status effects
A: horns 2, retaliatory headbutt
a: no special abilities


You were on level 3 of the Dungeon.
You visited 1 branch of the dungeon, and saw 3 of its levels.

You collected 145 gold pieces.

Inventory:

Hand Weapons
 a - a +0 war axe (weapon)
 g - a +0 dagger
 h - a +0 mace
 i - a +0 morningstar of protection
 k - a +0 dagger
 l - a +0 club
 n - a +0 club
 s - a +0 spear
Missiles
 d - 3 throwing nets (quivered)
 e - a javelin
 r - 10 stones
Armour
 b - a +0 leather armour
 c - a +0 hat (worn)
 j - a +0 helmet
 m - a +0 robe
 p - a +0 robe
 v - a +0 plate armour (worn)
 y - a +0 leather armour
 z - a +0 scale mail
Jewellery
 f - a ring of protection from fire (left hand)
Scrolls
 t - a scroll of poison {unknown}
 u - a scroll of enchant armour {unknown}
 w - a scroll of fear {unknown}
 x - a scroll of identify {unknown}
Potions
 o - a potion of berserk rage {unknown}
 q - a potion of curing {unknown}


   Skills:
 + Level 2.7 Fighting
 + Level 4.8 Axes
 + Level 2.1 Throwing
 + Level 1.6 Armour
 + Level 3.8 Dodging
 + Level 0.4 Stealth


You had 3 spell levels left.
You didn't know any spells.
Your spell library contained the following spells:

 Spells                   Type           Power      Damage    Failure   Level
 Static Discharge         Conj/Air       0%         2-2/arc   100%        2
 Airstrike                Air            0%         2d(0-16)  100%        4
 Manifold Assault         Tloc           0%         N/A       100%        4
 Summon Lightning Spire   Summ/Air       0%         N/A       100%        4
 Dispersal                Tloc           0%         N/A       100%        6
 Disjunction              Tloc           0%         N/A       100%        8


Dungeon Overview and Level Annotations

Branches:
Dungeon (3/15)

Altars:
Kikubaaqudgha
Xom


Innate Abilities, Weirdness & Mutations

You have a pair of horns on your head.
You reflexively headbutt those who attack you in melee.


Message History

Unknown command.
You closely miss the gnoll. You completely miss the gnoll.
You barely miss the bat. The bat hits you but does no damage.
The bat barely misses you. The gnoll closely misses you.
The gnoll barely misses you.
The gnoll hits you from afar with a +0 spear.
The gnoll barely misses you. The gnoll hits you with a +0 club.
The gnoll hits you with a +0 flail.
The gnoll hits you but does no damage. x2
The gnoll barely misses you. x2
There are monsters nearby!
You slash the gnoll!
The gnoll is severely wounded.
You hit the gnoll. You barely miss the gnoll. You slash the gnoll!
The gnoll hits you with a +0 flail. The gnoll barely misses you.
The gnoll hits you from afar with a +0 spear.
* * * LOW HITPOINT WARNING * * *
The gnoll closely misses you. The gnoll barely misses you.
You furiously retaliate!
You headbutt the gnoll! The gnoll hits you but does no damage.
The bat hits you but does no damage. The gnoll barely misses you.
The gnoll hits you from afar with a +0 spear.
* * * LOW HITPOINT WARNING * * *
The gnoll hits you from afar with a +0 spear.
* * * LOW HITPOINT WARNING * * *
The gnoll hits you with a +0 flail.
* * * LOW HITPOINT WARNING * * *
The gnoll hits you with a +0 club.
* * * LOW HITPOINT WARNING * * *
The gnoll hits you but does no damage. x2; The gnoll barely misses you.
You see here 14 gold pieces.
You slash the bat!
You kill the bat!
You completely miss the gnoll. You slash the gnoll!
You kill the gnoll!
You hit the gnoll. x3
You kill the gnoll!
The gnoll hits you with a +0 spear.
* * * LOW HITPOINT WARNING * * *
The gnoll closely misses you. The gnoll hits you with a +0 whip.
You die...

#.# #.####### #.#
#........ ## #.#
########. ... #.#
#.
....###.########
#.
................
#.
......#g........
#.
....!.'))g......
#.
......#g@.......
#. .....
#.g....... #.
.... #.........
#. ....
#......... #. ##
#......... ##.
#......... #..
#......... #.#
##############
#.#
###########.....#
#.#


You could see 4 gnolls.

Vanquished Creatures
  3 gnolls (D:3)
  An adder (D:2)
  A dart slug (D:1)
  An orc (D:3)
  3 ball pythons
  6 endoplasms
  3 giant cockroaches
  4 goblins
  2 hobgoblins
  2 jackals (D:1)
  5 kobolds
  7 bats
  4 frilled lizards (D:2)
  11 rats
53 creatures vanquished.

Vanquished Creatures (others)
  2 fungi (D:2)
2 creatures vanquished.

Grand Total: 55 creatures vanquished

Notes
Turn   | Place    | Note
-------+----------+-------------------------------------------
     0 | D:1      | subawu the Minotaur Gladiator began the quest for the Orb.
     0 | D:1      | Reached XP level 1. HP: 18/18 MP: 0/0
   232 | D:1      | Upgraded the game from 0.30-a0-738-g116ff8c4af to
                  | 0.30-a0-802-gb92711bcdf
   527 | D:1      | Upgraded the game from 0.30-a0-802-gb92711bcdf to
                  | 0.30-a0-1114-gd936c97349
   592 | D:1      | Reached skill level 4 in Axes
   592 | D:1      | Reached XP level 2. HP: 24/25 MP: 1/1
  1531 | D:2      | Reached XP level 3. HP: 30/30 MP: 2/2
  1954 | D:2      | Reached skill level 1 in Armour
  1965 | D:2      | Found an ancient bone altar of Kikubaaqudgha.
  2508 | D:3      | Found a shimmering altar of Xom.
  2855 | D:3      | Reached XP level 4. HP: 34/37 MP: 3/3
  2859 | D:3      | HP: 1/37 [gnoll/+0 spear (2)]
  2859 | D:3      | Slain by a gnoll

Illustrated notes

Levels and vault maps discovered:
D:1:      lemuel_arrival_behind_the_door_large, layout_loops_cross,
          kennysheep_flooded_box
D:2:      layout_loops_ring, basic_altar, kennysheep_generic_room_5,
          uniq_crazy_yiuf_cottage
D:3:      layout_basic, lemuel_tele_altar

Skill      XL: |  1  2  3 |
---------------+----------+-----
Axes           | 4 |  4.8
Armour         | 1 |  1.6
Fighting       | |  2.7
Throwing       | |  2.1
Dodging        | |  3.8
Stealth        | |  0.4

Action                     |  1- 3 |  4- 6 || total
---------------------------+-------+-------++-------
  Melee: War axe           |    69 |     3 ||    72
         Headbutt          |     5 |       ||     5
 Armour: Leather armour    |    34 |       ||    34
         Plate armour      |    34 |     7 ||    41
  Dodge: Dodged            |    74 |    12 ||    86

Table legend: (Time is in decaauts)
 A = Elapsed time spent in this place.
 B = Non-inter-level travel time spent in this place.
 C = Inter-level travel time spent in this place.
 D = Time resting spent in this place.
 E = Time spent auto-exploring this place.
 F = Levels seen in this place.
 G = Mean time per level.
                   A        B        C        D        E       F      G
               +--------+--------+--------+--------+--------+-----+--------+
         Total |   2876 |   2706 |    170 |    225 |     17 |   3 |  958.7 |
       Dungeon |   2876 |   2706 |    170 |    225 |     17 |   3 |  958.7 |
               +--------+--------+--------+--------+--------+-----+--------+

Top non-repeatable levels by time:
     D:1: 1427 daAuts
     D:2: 996 daAuts
     D:3: 452 daAuts
